 Dungeon Crawl Stone Soup version 0.30-a0-591-g3c58d2bc28 (webtiles) character file.

Game seed: 11039036445187175294

1904 Sabo the Protected (level 8, -1/72 HPs)
             Began as an Armataur Berserker on Jan 5, 2023.
             Was an Elder of Trog.
             Slain by a hornet (4 damage)
             ... while paralysed by a hornet
             ... on level 7 of the Dungeon.
             The game lasted 00:39:00 (8461 turns).

Sabo the Protected (Armataur Berserker)             Turns: 8461, Time: 00:39:01

Health: -1/72      AC: 13    Str: 25    XL:     8   Next: 94%
Magic:  8/8        EV:  1    Int:  8    God:    Trog [****..]
Gold:   398        SH:  0    Dex:  9    Spells: 7/7 levels left

rFire   . . .      SeeInvis .    i - +2 hand axe (vamp)
rCold   . . .      Faith    .    p - +0 buckler
rNeg    + . .      Spirit   .    x - +0 chain mail
rPois   .          Reflect  .    (no helmet)
rElec   .          Harm     .    (no cloak)
rCorr   .          Roll     +    e - +2 pair of gloves
Will    .....                    (no barding) Stlth
                                 G - amulet of regeneration
HPRegen 1.12/turn                g - ring of flight
MPRegen 0.11/turn                I - ring of positive energy

@: paralysed, lethally poisoned (-1 -> -7), flying, slowed
A: large, rugged brown scales 3, deformed body, armoured tail, roll, long
tongue, awkward tongue
a: Renounce Religion, Berserk, Trog's Hand, Brothers in Arms


You were on level 7 of the Dungeon.
You worshipped Trog.
Trog was greatly pleased with you.
You visited 1 branch of the dungeon, and saw 7 of its levels.

You collected 398 gold pieces.

Inventory:

Hand Weapons
 c - a +2 shortbow of flaming
 d - a +0 sling
 i - a +2 vampiric hand axe (weapon)
 l - a +2 short sword of venom
 w - a +0 war axe
 H - a +1 spear of freezing
Missiles
 u - 5 javelins (quivered)
 y - 4 poisoned darts
 F - 2 throwing nets
Armour
 e - a +2 pair of gloves (worn)
 p - a +0 buckler (worn)
 x - a +0 chain mail (worn)
 D - an orb of mayhem
Jewellery
 g - a ring of flight (left hand)
 G - an amulet of regeneration (around neck)
 I - a ring of positive energy (right hand)
Wands
 J - a wand of mindburst (15)
Scrolls
 j - 2 scrolls of poison
 k - 3 scrolls of silence
 m - a scroll of fog
 q - 2 scrolls of amnesia {unknown}
 r - a scroll of enchant armour
 v - a scroll of blinking {unknown}
 z - a scroll of brand weapon {unknown}
 C - a scroll of fear {unknown}
 E - 3 scrolls of teleportation {unknown}
Potions
 a - 2 potions of degeneration {unknown}
 b - 2 potions of lignification {unknown}
 f - 3 potions of heal wounds {unknown}
 h - 3 potions of invisibility {unknown}
 n - 2 potions of cancellation {unknown}
 o - 7 potions of curing
 s - 2 potions of mutation {unknown}
 t - 2 potions of attraction {unknown}
 A - 2 potions of haste {unknown}
 B - a potion of brilliance {unknown}


   Skills:
 + Level 5.0 Fighting
 + Level 6.5 Axes
 + Level 8.3 Armour
 + Level 2.5 Dodging
 + Level 1.7 Stealth
 + Level 2.0 Shields


You had 7 spell levels left.
You didn't know any spells.
Your spell library was empty.

Dungeon Overview and Level Annotations

Branches:
Dungeon (7/15)             Temple (0/1) D:5

Altars:
Fedhas
Yredelemnul

Shops:
D:2 =


Innate Abilities, Weirdness & Mutations

You are completely covered in rugged brown scales. (AC +3, +7% HP)
Armour fits poorly on your strangely shaped body.
You have a long armoured tail.
You roll when moving toward enemies. (Rampage)
Your long tongue fully drains potion bottles. (2x potion effects)
Your tongue gives you trouble enunciating. (1.5x scroll delay)


Message History

You feel yourself slow down.
You hit the hornet.
You feel better.
Your tail-slap misses the hornet.
The hornet is moderately wounded.
The hornet stings you but does no damage.
The hornet stings you!
You feel as though you will be slow longer.
You barely miss the hornet.
The hornet is moderately wounded.
The hornet stings you.
You are poisoned.
You feel as though you will be slow longer.
The hornet stings you!
You feel as though you will be slow longer.
You hit the hornet but do no damage.
The hornet is moderately wounded.
You feel very sick. The hornet stings you!
You are more poisoned.
You feel as though you will be slow longer.
The hornet stings you.
* * * LOW HITPOINT WARNING * * *
You feel as though you will be slow longer.
You slash the hornet!
The hornet is heavily wounded.
You feel extremely sick.
The hornet stings you but does no damage. x2
The hornet closely misses you.
You closely miss the hornet.
The hornet is heavily wounded.
You feel very sick. The hornet stings you.
* * * LOW HITPOINT WARNING * * *
You are more poisoned.
You suddenly lose the ability to move!
The hornet stings you.
* * * LOW HITPOINT WARNING * * *
You feel as though you will be slow longer.
* * * LOW HITPOINT WARNING * * *
You feel very sick. The hornet stings you.
You die...

#.# ######
#.# #.# #.#
#.#
#.#####.###
#.........#
#######.#.#
#...@y.#.#
#.######.#
#.# #.# #.#
#.#
#.######.#
#........#
##########


You could see a hornet.

Vanquished Creatures
  2 orc warriors (D:6)
  A sky beast (D:6)
  2 ice beasts (D:5)
  A black bear (D:5)
  A centaur (D:6)
  A bullfrog (D:7)
  A necrophage (D:6)
  4 scorpions
  A gnoll sergeant (D:5)
  A jelly (D:5)
  A howler monkey (D:5)
  3 hounds
  A gnoll bouda (D:7)
  4 orc priests
  Jessica (D:3)
  Natasha (twice) (D:3)
  An iguana (D:5)
  6 orc wizards
  Terence (D:3)
  10 gnolls
  4 adders
  3 shadow imps
  2 ufetubi
  A worm (D:4)
  19 orcs
  8 endoplasms
  3 giant cockroaches
  8 goblins
  10 hobgoblins
  8 jackals
  2 quokkas
  11 ball pythons
  5 bats
  7 frilled lizards
  7 kobolds
  4 rats
147 creatures vanquished.

Vanquished Creatures (others)
  12 plants (D:7)
12 creatures vanquished.

Grand Total: 159 creatures vanquished

Notes
Turn   | Place    | Note
-------+----------+-------------------------------------------
     0 | D:1      | Sabo the Armataur Berserker began the quest for the Orb.
     0 | D:1      | Reached XP level 1. HP: 19/19 MP: 1/1
   241 | D:1      | Reached XP level 2. HP: 24/26 MP: 2/2
   601 | D:1      | Reached XP level 3. HP: 33/33 MP: 3/3
   680 | D:1      | Reached ** piety under Trog
  1286 | D:2      | Reached skill level 3 in Armour
  1840 | D:2      | Found Won Hin's Jewellery Boutique.
  1861 | D:2      | Reached XP level 4. HP: 37/40 MP: 4/4
  2497 | D:3      | Noticed Natasha
  2512 | D:3      | HP: 3/60 [Natasha/magic dart (9)]
  2513 | D:3      | Killed Natasha
  2727 | D:3      | Noticed Jessica
  2733 | D:3      | Killed Jessica
  2738 | D:3      | Reached XP level 5. HP: 35/48 MP: 5/5
  2789 | D:3      | Noticed Terence
  2797 | D:3      | Killed Terence
  2845 | D:3      | Reached skill level 4 in Armour
  3306 | D:3      | Noticed Natasha
  3313 | D:3      | Killed Natasha
  3771 | D:4      | Reached XP level 6. HP: 24/54 MP: 6/6
  4259 | D:4      | Reached skill level 5 in Armour
  4584 | D:4      | Found a basalt altar of Yredelemnul.
  4640 | D:4      | Reached *** piety under Trog
  4707 | D:4      | Found a blossoming altar of Fedhas.
  5052 | D:5      | Entered Level 5 of the Dungeon
  5067 | D:5      | Noticed an ice beast
  5080 | D:5      | Killed an ice beast
  5081 | D:5      | Reached skill level 5 in Axes
  5081 | D:5      | Reached skill level 1 in Shields
  5081 | D:5      | Reached XP level 7. HP: 49/62 MP: 7/7
  5347 | D:5      | Found a staircase to the Ecumenical Temple.
  5744 | D:5      | Reached skill level 6 in Armour
  6035 | D:5      | Reached XP level 8. HP: 41/70 MP: 4/8
  6697 | D:6      | Reached skill level 7 in Armour
  6925 | D:6      | Reached skill level 1 in Stealth
  7840 | D:7      | Reached skill level 8 in Armour
  7851 | D:7      | Reached skill level 5 in Fighting
  8038 | D:7      | Reached **** piety under Trog
  8452 | D:7      | Noticed a hornet
  8460 | D:7      | Paralysed by a hornet for 2 turns
  8461 | D:7      | HP: 3/72 [poisoned by a hornet]
  8461 | D:7      | Slain by a hornet

Illustrated notes

Levels and vault maps discovered:
D:1:      nicolae_arrival_washed_ashore, layout_loops_cross, minmay_cut_off
D:2:      layout_basic, serial_shops, shop
D:3:      layout_basic, minmay_misc_feat_chi, uniq_jessica, uniq_terence,
          uniq_natasha
D:4:      layout_cave_pools, mainiacjoe_overflow_alcove_4,
          fedhas_ov_isle_minmay, minmay_fractal_squares_gapless_5
D:5:      layout_gridville, minmay_temple_entry_overgrown
D:6:      layout_loops_ring
D:7:      layout_basic, serial_bayou_lake_a

Skill      XL: |  1  2  3  4  5  6  7  8 |
---------------+-------------------------+-----
Fighting       | 3 4 5 |  5.0
Axes           | 3 4 5 6 |  6.5
Armour         | 3 4 5 6 8 |  8.3
Dodging        | 2 |  2.5
Shields        | 1 2 |  2.0
Stealth        | 1 |  1.7

Action                   |  1- 3 |  4- 6 |  7- 9 || total
-------------------------+-------+-------+-------++-------
Melee: Hand axe          |   139 |    15 |   236 ||   390
       Tailslap          |    10 |    14 |    30 ||    54
       War axe           |    17 |   155 |       ||   172
Invok: Berserk           |     3 |     2 |     1 ||     6
  Use: Scroll            |       |    11 |     1 ||    12
       Potion            |       |     1 |       ||     1
Armor: Ring mail         |    91 |    27 |       ||   118
       Chain mail        |       |    60 |   168 ||   228
Dodge: Dodged            |    91 |    62 |    82 ||   235
Block: Buckler           |     5 |    23 |    38 ||    66

Table legend: (Time is in decaauts)
 A = Elapsed time spent in this place.
 B = Non-inter-level travel time spent in this place.
 C = Inter-level travel time spent in this place.
 D = Time resting spent in this place.
 E = Time spent auto-exploring this place.
 F = Levels seen in this place.
 G = Mean time per level.
                   A        B        C        D        E       F      G
               +--------+--------+--------+--------+--------+-----+--------+
         Total |   8616 |   8616 |      0 |   2284 |      0 |   7 | 1230.9 |
       Dungeon |   8616 |   8616 |      0 |   2284 |      0 |   7 | 1230.9 |
               +--------+--------+--------+--------+--------+-----+--------+

Top non-repeatable levels by time:
     D:5: 1600 daAuts
     D:3: 1537 daAuts
     D:4: 1322 daAuts
     D:1: 1211 daAuts
     D:6: 1174 daAuts
     D:2: 1115 daAuts
     D:7: 654 daAuts
